| TOP OF THE 1ST |
|
Fort Myers Palms batting - Pitching for Tampa Pirates : RHP Derek Botelho
|
|
Pitching: RHP Derek Botelho
|
|
|
Batting: RHB Stanley Baker
|
0-0: Called Strike 0-1: Swinging Strike 0-2: Strikes out swinging
|
|
Batting: SHB Porter Wyatt
|
0-0: SINGLE (Groundball, 56D, EV 101.3 MPH)
|
|
Batting: LHB Gus Burgess
|
0-0: Called Strike 0-1: Called Strike 0-2: Ball 1-2: Strikes out swinging
|
|
Batting: LHB James Atkinson
|
0-0: Ball Porter Wyatt steals 2nd base 1-0: Swinging Strike 1-1: Foul Ball, location: 2F 1-2: Ball 2-2: Fly out, F6 (Popup, 6M, EV 57.5 MPH)
|
| Top of the 1st over - 0 runs, 1 hit, 0 errors, 1 left on base; Fort Myers 0 - Tampa 0 |
| BOTTOM OF THE 1ST |
|
Tampa Pirates batting - Pitching for Fort Myers Palms : RHP Todd Worrell
|
|
Pitching: RHP Todd Worrell
|
|
|
Batting: LHB Reggie West
|
0-0: Ball 1-0: Called Strike 1-1: Ball 2-1: Called Strike 2-2: Foul Ball, location: 2F 2-2: Ball 3-2: Foul Ball, location: 2F 3-2: Strikes out swinging
|
|
Batting: SHB Gary Springer
|
0-0: Foul Ball, location: 2F 0-1: Ball 1-1: Ground out 4-3 (Groundball, 4M, EV 107.5 MPH)
|
|
Batting: RHB Cliff Pastornicky
|
0-0: Swinging Strike 0-1: Swinging Strike 0-2: Ground out 6-3 (Groundball, 6, EV 82.5 MPH)
|
| Bottom of the 1st over - 0 runs, 0 hits, 0 errors, 0 left on base; Fort Myers 0 - Tampa 0 |
| TOP OF THE 2ND |
|
Fort Myers Palms batting - Pitching for Tampa Pirates : RHP Derek Botelho
|
|
Batting: RHB Lindon Duncan
|
0-0: Called Strike 0-1: Ball 1-1: Swinging Strike 1-2: SINGLE (Groundball, 56S, EV 70.0 MPH) (infield hit)
|
|
Batting: LHB Arthur Carlisi
|
0-0: Swinging Strike 0-1: Ball 1-1: Ball 2-1: Ball 3-1: Base on Balls Lindon Duncan to second
|
|
Batting: RHB David Sullivan
|
0-0: Ball 1-0: Ball 2-0: Ball 3-0: Called Strike 3-1: Foul Ball, location: 2F 3-2: Foul Ball, location: 2F 3-2: Foul Ball, location: 2F 3-2: Base on Balls Lindon Duncan to third Arthur Carlisi to second
|
|
Batting: RHB Jay Greb
|
0-0: Foul Ball, location: 2F 0-1: TRIPLE (Line Drive, 78XD, EV 106.3 MPH) Lindon Duncan scores Arthur Carlisi scores David Sullivan scores
|
|
Batting: RHB Paul Fryer
|
0-0: Ball 1-0: Called Strike 1-1: SINGLE (Groundball, 56D, EV 101.9 MPH) Jay Greb scores
|
|
Batting: RHB Stanley Baker
|
0-0: Swinging Strike 0-1: Foul Ball, location: 2F 0-2: Ball 1-2: Ball 2-2: Foul Ball, location: 2F 2-2: SINGLE (Line Drive, 6D, EV 94.4 MPH) Paul Fryer to second
|
|
Batting: SHB Porter Wyatt
|
0-0: Foul Ball, location: 2F 0-1: Called Strike 0-2: Foul Ball, location: 2F 0-2: Ball 1-2: Foul Ball, location: 2F 1-2: Fielders Choice at 2nd, 6-4 (Groundball, 6M, EV 85.0 MPH) Paul Fryer to third
|
|
Batting: LHB Gus Burgess
|
0-0: Called Strike 0-1: Ball 1-1: SINGLE (Groundball, 4MS, EV 63.8 MPH) (infield hit) Paul Fryer scores Porter Wyatt to second
|
|
Batting: LHB James Atkinson
|
0-0: Ball 1-0: Fielders Choice at 2nd, 1-4 (Groundball, 15S, EV 71.9 MPH) Porter Wyatt to third
|
|
Batting: RHB Lindon Duncan
|
0-0: Called Strike 0-1: Ball 1-1: Ball 2-1: Swinging Strike 2-2: Strikes out swinging
|
| Top of the 2nd over - 5 runs, 5 hits, 0 errors, 2 left on base; Fort Myers 5 - Tampa 0 |
| BOTTOM OF THE 2ND |
|
Tampa Pirates batting - Pitching for Fort Myers Palms : RHP Todd Worrell
|
|
Batting: LHB David Frederick
|
0-0: Foul Ball, location: 2F 0-1: Ball 1-1: Fly out, F9 (Flyball, 89D, EV 103.1 MPH)
|
|
Batting: RHB Ricky Jones
|
0-0: Fly out, F4 (Popup, 3S, EV 76.3 MPH)
|
|
Batting: LHB Alfredo Rodriguez
|
0-0: Fly out, F9 (Flyball, 89S, EV 92.5 MPH)
|
| Bottom of the 2nd over - 0 runs, 0 hits, 0 errors, 0 left on base; Fort Myers 5 - Tampa 0 |
| TOP OF THE 3RD |
|
Fort Myers Palms batting - Pitching for Tampa Pirates : RHP Derek Botelho
|
|
Batting: LHB Arthur Carlisi
|
0-0: SINGLE (Flyball, 7S, EV 88.1 MPH)
|
|
Batting: RHB David Sullivan
|
0-0: Swinging Strike 0-1: Grounds into double play, 4-6-3 (Groundball, 4, EV 98.1 MPH)
|
|
Batting: RHB Jay Greb
|
0-0: Called Strike 0-1: Ball 1-1: Ball 2-1: Called Strike 2-2: Ground out 6-3 (Groundball, 6, EV 100.0 MPH)
|
| Top of the 3rd over - 0 runs, 1 hit, 0 errors, 0 left on base; Fort Myers 5 - Tampa 0 |
| BOTTOM OF THE 3RD |
|
Tampa Pirates batting - Pitching for Fort Myers Palms : RHP Todd Worrell
|
|
Batting: RHB Drungo Hazewood
|
0-0: SINGLE (Line Drive, 5D, EV 103.8 MPH)
|
|
Batting: RHB Roy Dixon
|
0-0: Foul Ball, location: 2F 0-1: Fly out, F7 (Flyball, 78D, EV 85.0 MPH)
|
|
Batting: SHB Edward Engstler
|
0-0: Called Strike 0-1: Ball 1-1: Ball 2-1: SINGLE (Groundball, 4MD, EV 110.0 MPH) Drungo Hazewood to second
|
|
Batting: LHB Reggie West
|
0-0: Foul Ball, location: 2F 0-1: Ball 1-1: Called Strike Drungo Hazewood is caught stealing 3rd base 2-5 1-2: Ball 2-2: Ball 3-2: Foul Ball, location: 2F 3-2: Foul Ball, location: 2F 3-2: Base on Balls Edward Engstler to second
|
|
Batting: SHB Gary Springer
|
0-0: Ball 1-0: SINGLE (Flyball, 4MD, EV 85.6 MPH) Edward Engstler to third Reggie West to second Runner from 3rd tries for Home, SAFE, throw by CF to home
|
|
Batting: RHB Cliff Pastornicky
|
0-0: Ball 1-0: Fly out, F7 (Flyball, 7D, EV 101.9 MPH)
|
| Bottom of the 3rd over - 1 run, 3 hits, 0 errors, 2 left on base; Fort Myers 5 - Tampa 1 |
| TOP OF THE 4TH |
|
Fort Myers Palms batting - Pitching for Tampa Pirates : RHP Derek Botelho
|
|
Batting: RHB Paul Fryer
|
0-0: Foul Ball, location: 2F 0-1: Ball 1-1: SINGLE (Line Drive, 56, EV 96.9 MPH)
|
|
Batting: RHB Stanley Baker
|
0-0: Ball 1-0: Ball 2-0: Ball 3-0: Called Strike 3-1: Base on Balls Paul Fryer to second
|
|
Batting: SHB Porter Wyatt
|
0-0: Ball 1-0: Ball 2-0: Ball 3-0: Base on Balls Paul Fryer to third Stanley Baker to second
|
|
Batting: LHB Gus Burgess
|
0-0: Called Strike 0-1: Foul Ball, location: 2F 0-2: Ball 1-2: SINGLE (Flyball, 7LS, EV 93.1 MPH) Paul Fryer scores Stanley Baker to third Porter Wyatt to second Runner from 3rd tries for Home, SAFE, throw by LF to home
|
|
Pitching: RHP Eugene Norman
|
|
|
Batting: LHB James Atkinson
|
0-0: Ball 1-0: Foul Ball, location: 2F 1-1: Foul Ball, location: 2F 1-2: 3-RUN HOME RUN (Flyball, 9D, EV 104.4 MPH), Distance : 361 ft
|
|
Batting: RHB Lindon Duncan
|
0-0: Called Strike 0-1: Ball 1-1: Ball 2-1: Foul Ball, location: 2F 2-2: SINGLE (Groundball, 56D, EV 105.0 MPH)
|
|
Batting: LHB Arthur Carlisi
|
0-0: Called Strike 0-1: Grounds into double play, 5-4-3 (Groundball, 56, EV 83.1 MPH)
|
|
Batting: RHB David Sullivan
|
0-0: Swinging Strike 0-1: Ball 1-1: Ball 2-1: Ball 3-1: Foul Ball, location: 2F 3-2: Fly out, F8 (Flyball, 8LS, EV 88.1 MPH)
|
| Top of the 4th over - 5 runs, 4 hits, 0 errors, 0 left on base; Fort Myers 10 - Tampa 1 |
| BOTTOM OF THE 4TH |
|
Tampa Pirates batting - Pitching for Fort Myers Palms : RHP Todd Worrell
|
|
Batting: LHB David Frederick
|
0-0: Ball 1-0: Ball 2-0: Ball 3-0: Called Strike 3-1: Base on Balls
|
|
Batting: RHB Ricky Jones
|
0-0: Foul Ball, location: 2F 0-1: Ball 1-1: Ball 2-1: Ball 3-1: Fly out, F7 (Flyball, 7S, EV 81.9 MPH)
|
|
Batting: LHB Alfredo Rodriguez
|
0-0: Ball 1-0: Grounds into double play, 6-4-3 (Groundball, 6, EV 83.8 MPH)
|
| Bottom of the 4th over - 0 runs, 0 hits, 0 errors, 0 left on base; Fort Myers 10 - Tampa 1 |
| TOP OF THE 5TH |
|
Fort Myers Palms batting - Pitching for Tampa Pirates : RHP Eugene Norman
|
|
Batting: RHB Jay Greb
|
0-0: Called Strike 0-1: Swinging Strike 0-2: Foul Ball, location: 2F 0-2: Ball 1-2: SINGLE (Flyball, 89S, EV 98.8 MPH)
|
|
Batting: RHB Paul Fryer
|
0-0: Ball 1-0: Called Strike 1-1: Swinging Strike 1-2: Ball 2-2: Strikes out swinging
|
|
Batting: RHB Stanley Baker
|
0-0: Called Strike 0-1: Ball 1-1: Ball 2-1: Ball 3-1: Base on Balls Jay Greb to second
|
|
Batting: SHB Porter Wyatt
|
0-0: Ball 1-0: Called Strike 1-1: Called Strike 1-2: Fly out, F6 (Popup, P, EV 83.8 MPH)
|
|
Batting: LHB Gus Burgess
|
0-0: Called Strike 0-1: Called Strike 0-2: SINGLE (Groundball, 4D, EV 105.0 MPH) Jay Greb to third Stanley Baker to second Runner from 3rd tries for Home, SAFE, throw by CF to home
|
|
Batting: LHB James Atkinson
|
0-0: Swinging Strike 0-1: Fielders Choice at 2nd, 5-4 (Groundball, 56, EV 90.6 MPH)
|
| Top of the 5th over - 1 run, 2 hits, 0 errors, 2 left on base; Fort Myers 11 - Tampa 1 |
| BOTTOM OF THE 5TH |
|
Tampa Pirates batting - Pitching for Fort Myers Palms : RHP Todd Worrell
|
|
Batting: RHB Drungo Hazewood
|
0-0: Ball 1-0: Called Strike 1-1: Ground out U3 (Groundball, 34S, EV 85.0 MPH)
|
|
Batting: RHB Roy Dixon
|
0-0: Called Strike 0-1: Ball 1-1: Ground out 3-1 (Groundball, 34, EV 101.9 MPH)
|
|
Batting: SHB Edward Engstler
|
0-0: Ball 1-0: Fly out, F7 (Line Drive, 7, EV 93.1 MPH)
|
| Bottom of the 5th over - 0 runs, 0 hits, 0 errors, 0 left on base; Fort Myers 11 - Tampa 1 |
| TOP OF THE 6TH |
|
Fort Myers Palms batting - Pitching for Tampa Pirates : RHP Eugene Norman
|
|
Batting: RHB Lindon Duncan
|
0-0: Swinging Strike 0-1: Foul Ball, location: 2F 0-2: Foul Ball, location: 2F 0-2: Ball 1-2: Ball 2-2: SINGLE (Groundball, 56S, EV 67.5 MPH) (infield hit)
|
|
Pitching: LHP George Persandi
|
|
|
Batting: LHB Arthur Carlisi
|
0-0: Called Strike 0-1: Fly out, F4 (Flyball, 3D, EV 73.1 MPH)
|
|
Batting: RHB David Sullivan
|
0-0: Ball 1-0: Ball 2-0: Ball 3-0: Base on Balls Lindon Duncan to second
|
|
Batting: RHB Jay Greb
|
0-0: Ground out 6-3 (Groundball, 56D, EV 105.0 MPH) Lindon Duncan to third David Sullivan to second
|
|
Batting: RHB Paul Fryer
|
0-0: Foul Ball, location: 2F 0-1: Ball 1-1: Ball 2-1: Ground out 5-3 (Groundball, 5, EV 85.6 MPH)
|
| Top of the 6th over - 0 runs, 1 hit, 0 errors, 2 left on base; Fort Myers 11 - Tampa 1 |
| BOTTOM OF THE 6TH |
|
Tampa Pirates batting - Pitching for Fort Myers Palms : RHP Todd Worrell
|
|
Batting: LHB Reggie West
|
0-0: Called Strike 0-1: Ball 1-1: Ball 2-1: Ball 3-1: Base on Balls
|
|
Batting: SHB Gary Springer
|
0-0: Foul Ball, location: 2F 0-1: Ball Pickoff Throw by Catcher to First - Error! E2 Reggie West to second 1-1: Called Strike 1-2: Strikes out swinging
|
|
Batting: RHB Cliff Pastornicky
|
0-0: Ball 1-0: Ground out 4-3 (Groundball, 4, EV 88.8 MPH) Reggie West to third
|
|
Batting: LHB David Frederick
|
0-0: 2-RUN HOME RUN (Flyball, 9D, EV 103.1 MPH), Distance : 381 ft
|
|
Batting: RHB Ricky Jones
|
0-0: Ball 1-0: Foul Ball, location: 2F 1-1: Ball 2-1: Foul Ball, location: 2F 2-2: Foul Ball, location: 2F 2-2: Reached on error, E2 (Groundball, 15S, EV 69.4 MPH)
|
|
Batting: LHB Alfredo Rodriguez
|
0-0: Ground out U3 (Groundball, 3, EV 88.1 MPH)
|
| Bottom of the 6th over - 2 runs, 1 hit, 2 errors, 1 left on base; Fort Myers 11 - Tampa 3 |
| TOP OF THE 7TH |
|
Fort Myers Palms batting - Pitching for Tampa Pirates : LHP George Persandi
|
|
Batting: RHB Stanley Baker
|
0-0: Ball 1-0: Foul Ball, location: 2F 1-1: Ball 2-1: Ball 3-1: Base on Balls
|
|
Batting: SHB Porter Wyatt
|
0-0: Called Strike 0-1: Ball 1-1: Ball 2-1: Fly out, F9 (Line Drive, 9, EV 91.3 MPH)
|
|
Pitching: RHP Brian McCaslin
|
|
|
Batting: LHB Gus Burgess
|
0-0: Called Strike 0-1: Ball 1-1: Foul Ball, location: 2F 1-2: Ball 2-2: Ball 3-2: Foul Ball, location: 2F 3-2: Fly out, F9 (Line Drive, 9, EV 88.8 MPH)
|
|
Batting: LHB James Atkinson
|
0-0: Called Strike 0-1: Called Strike 0-2: SINGLE (Groundball, 3D, EV 95.0 MPH) Stanley Baker to second
|
|
Batting: RHB Lindon Duncan
|
0-0: Ball 1-0: Called Strike 1-1: Ball 2-1: Ball 3-1: Ground out 4-3 (Groundball, 4, EV 76.9 MPH)
|
| Top of the 7th over - 0 runs, 1 hit, 0 errors, 2 left on base; Fort Myers 11 - Tampa 3 |
| BOTTOM OF THE 7TH |
|
Tampa Pirates batting - Pitching for Fort Myers Palms : RHP Todd Worrell
|
|
Batting: RHB Drungo Hazewood
|
0-0: Ball 1-0: Ball 2-0: Called Strike 2-1: Called Strike 2-2: Ball 3-2: Fly out, F4 (Flyball, 4D, EV 77.5 MPH)
|
|
Batting: RHB Roy Dixon
|
0-0: Called Strike 0-1: Ball 1-1: Called Strike 1-2: SINGLE (Groundball, P, EV 78.1 MPH) (infield hit)
|
|
Batting: SHB Edward Engstler
|
0-0: Ball 1-0: Foul Ball, location: 2F 1-1: Ball 2-1: Ball 3-1: Base on Balls Roy Dixon to second
|
|
Batting: LHB Reggie West
|
0-0: Ball 1-0: Fielders Choice at 2nd, 4-6 (Groundball, 4, EV 83.8 MPH) Roy Dixon to third
|
|
Batting: SHB Gary Springer
|
0-0: Ball 1-0: Swinging Strike 1-1: Ball 2-1: Foul Ball, location: 2F 2-2: Strikes out swinging
|
| Bottom of the 7th over - 0 runs, 1 hit, 0 errors, 2 left on base; Fort Myers 11 - Tampa 3 |
| TOP OF THE 8TH |
|
Fort Myers Palms batting - Pitching for Tampa Pirates : RHP Brian McCaslin
|
|
Batting: LHB Arthur Carlisi
|
0-0: Ball 1-0: Ball 2-0: Foul Ball, location: 2F 2-1: Foul Ball, location: 2F 2-2: Ball 3-2: Base on Balls
|
|
Batting: RHB David Sullivan
|
0-0: Foul Ball, location: 2F 0-1: Fly out, F3 (Popup, 3L, EV 78.1 MPH)
|
|
Batting: RHB Jay Greb
|
0-0: Ball 1-0: Foul Ball, location: 2F 1-1: Swinging Strike 1-2: Strikes out looking
|
|
Batting: RHB Paul Fryer
|
0-0: Foul Ball, location: 2F 0-1: Fly out, F8 (Line Drive, 8LD, EV 83.8 MPH)
|
| Top of the 8th over - 0 runs, 0 hits, 0 errors, 1 left on base; Fort Myers 11 - Tampa 3 |
| BOTTOM OF THE 8TH |
|
Tampa Pirates batting - Pitching for Fort Myers Palms : RHP Todd Worrell
|
|
Batting: RHB Cliff Pastornicky
|
0-0: Fly out, F8 (Flyball, 78XD, EV 88.8 MPH)
|
|
Batting: LHB David Frederick
|
0-0: Ball 1-0: Foul Ball, location: 2F 1-1: Ball 2-1: Foul Ball, location: 2F 2-2: Ball 3-2: Foul Ball, location: 2F 3-2: Foul Ball, location: 2F 3-2: Fly out, F4 (Line Drive, 4, EV 68.8 MPH)
|
|
Batting: RHB Ricky Jones
|
0-0: Ball 1-0: Called Strike 1-1: Ground out 4-3 (Groundball, 4, EV 86.3 MPH)
|
| Bottom of the 8th over - 0 runs, 0 hits, 0 errors, 0 left on base; Fort Myers 11 - Tampa 3 |
| TOP OF THE 9TH |
|
Fort Myers Palms batting - Pitching for Tampa Pirates : RHP Brian McCaslin
|
|
Batting: RHB Stanley Baker
|
0-0: Ball 1-0: Ball 2-0: Called Strike 2-1: Foul Ball, location: 2F 2-2: Foul Ball, location: 2F 2-2: Ball 3-2: Fly out, F8 (Flyball, 89M, EV 92.5 MPH)
|
|
Batting: SHB Porter Wyatt
|
0-0: SINGLE (Flyball, 6D, EV 97.5 MPH)
|
|
Pitching: LHP Mark Riggins
|
|
|
Batting: LHB Gus Burgess
|
0-0: Foul Ball, location: 2F 0-1: Ball 1-1: Ball 2-1: Foul Ball, location: 2F 2-2: Ball 3-2: 2-RUN HOME RUN (Flyball, 89XD, EV 85.6 MPH), Distance : 395 ft
|
|
Pinch Hitting: RHB Jim Bishop
|
0-0: Ball 1-0: Ball 2-0: Ball 3-0: Base on Balls
|
|
Batting: RHB Lindon Duncan
|
0-0: Fielders Choice at 2nd, 6-4 (Groundball, 6, EV 85.0 MPH)
|
|
Batting: LHB Arthur Carlisi
|
0-0: Ball 1-0: Called Strike 1-1: Swinging Strike 1-2: Strikes out looking
|
| Top of the 9th over - 2 runs, 2 hits, 0 errors, 1 left on base; Fort Myers 13 - Tampa 3 |
| BOTTOM OF THE 9TH |
|
Tampa Pirates batting - Pitching for Fort Myers Palms : RHP Todd Worrell
|
|
Now at 1B: Jim Bishop
|
|
|
Batting: LHB Alfredo Rodriguez
|
0-0: Foul Ball, location: 2F 0-1: Ball 1-1: Ball 2-1: Foul Ball, location: 2F 2-2: Ball 3-2: Foul Ball, location: 2F 3-2: Fly out, F8 (Flyball, 8LS, EV 95.6 MPH)
|
|
Batting: RHB Drungo Hazewood
|
0-0: Foul Ball, location: 2F 0-1: Fly out, F7 (Line Drive, 7, EV 86.3 MPH)
|
|
Batting: RHB Roy Dixon
|
0-0: Called Strike 0-1: Swinging Strike 0-2: Strikes out looking
|
| Bottom of the 9th over - 0 runs, 0 hits, 0 errors, 0 left on base; Fort Myers 13 - Tampa 3 |
|